cohdb
Replays
Latest Replays
All Replays
Popular Replays
Top Player Replays
Match Explorer
How It Works
Community
CoH3 Stats
Reddit
Sign in to upload your games and track your stats! →
Sign in with Steam
Match 43532554
Unlisted
Match 43532554
Overview
Messages
Build Orders
End
Construct Section Command Post
ML 3-inch Mortar Team
Infantry Section
Infantry Section
Infantry Section
Selects Air and Sea Battlegroup
Construct Platoon Command Post
Selects Supply Surplus
Construct Resource Cache
Construct Resource Cache
Construct Resource Cache
Construct Resource Cache
Construct Field Infirmary
Construct Company Command Post
Grenade Package
Unlock M3 Grant Medium Tanks
Construct Resource Cache
Construct Resource Cache
Selects Commando Section Paradrop
Selects Commando Support Section Paradrop
M3 Grant Medium Tank
M3 Grant Medium Tank
Commando Section Paradrop
DarkLord
juve1975
LOS DIABLES DEL RIOCON LECHE
EL-TERRIBLO-DEMON-DE-LA-MUERTE
[DGG] .I.
Peng
Gribo
Play4Fun
0
0
Comments
sign in to comment!
No comments posted yet!